 Dungeon Crawl Stone Soup version 0.31-a0-931-g7b59d4eb97 (webtiles) character file.

Game seed: 9911401146300563800

483515 perezv8180 the Wrestler (level 23, -3/330 HPs)
             Began as a Troll Shapeshifter on Oct 14, 2023.
             Was the Champion of Okawaru.
             Killed from afar by an acid blob (21 damage)
             ... with a splash of acid
             ... created by the Royal Jelly
             ... on level 5 of the Pits of Slime on Oct 20, 2023.
             The game lasted 03:58:54 (43552 turns).

perezv8180 the Wrestler (Troll Shapeshifter)       Turns: 43552, Time: 03:58:56

Health: -3/330     AC: 23    Str: 46    XL:     23   Next: 75%
Magic:  22/22      EV: 14    Int:  4    God:    Okawaru [******]
Gold:   5038       SH:  0    Dex:  5    Spells: 22/22 levels left

rFire   . .          .
                       - Unarmed
rCold   . . .        n - orb {light}
rNeg    + . .        T - melded +8 pearl dragon scales "Anuhiocli" {rN+ rCorr Int+5}
rPois   ∞            (helmet restricted)
rElec   +            N - scarf of Hapseurgh {+Inv, rPois Str+4}
rCorr   .            (gloves unavailable)
SInv    +            (boots unavailable)
Will    +....        F - amulet of regeneration
Stlth   +            a - +5 ring of evasion
HPRegen 2.35/turn    z - ring of Forrear {Fly Str+6 SInv}
MPRegen 0.18/turn

%: no passive effects
@: about to teleport, statue-form, corroded, flying, glowing, studying 3 skills,
very slow
A: slow and powerful, torment resistance 1, boosted hp, large, unfitting armour,
claws 3, regeneration 1, (shaggy fur 1), (tough skin 1), clumsy 2, deformed
body, dopey 1
}: 2/15 runes: serpentine, barnacled
a: Begin Untransformation, Renounce Religion, Evoke Invisibility, Heroism,
Finesse, Duel, Receive Weapon, Receive Armour


You were on level 5 of the Pits of Slime.
You worshipped Okawaru.
Okawaru was exalted by your worship.
You were a living statue of rough stone.
You visited 9 branches of the dungeon, and saw 42 of its levels.
You visited the Abyss 3 times.
You visited 1 ziggurat, and saw 7 of its levels.
You also visited: Sewer and Ice Cave.

You collected 5157 gold pieces.
You spent 119 gold pieces at shops.

Inventory:

Hand Weapons
 w - the +8 falchion of Riumifofa {spect, rElec Stlth+}
   (You found it on level 3 of the Dungeon)

   rElec:     It insulates you from electricity.
   Stlth+:    It makes you more stealthy.
 D - the +7 lajatang of Order {silver, rMut}
   (You took it off a deep elf sorcerer on level 3 of the Elven Halls)

   rMut:      It protects you from mutation.
 Q - a +3 scimitar of flaming
 W - the +10 spear of the Salmon {flame, rN+}
   (You found it on level 3 of the Lair of Beasts)

   rN+:       It protects you from negative energy.
 X - the +10 glaive "Soust" {venom, Int+4 Dex+3}
   (You took it off a merfolk impaler on level 4 of the Shoals)

   Int+4:     It affects your intelligence (+4).
   Dex+3:     It affects your dexterity (+3).
Armour
 n - an orb of light (worn)
 t - +0 gold dragon scales
 v - an orb of wrath
 B - a scarf of repulsion
 M - a +3 troll leather armour
 N - the scarf of Hapseurgh (worn) {+Inv, rPois Str+4}
   (You found it on level 5 of the Lair of Beasts)

   Str+4:     It affects your strength (+4).
   rPois:     It protects you from poison
 T - the +8 pearl dragon scales "Anuhiocli" (melded) {rN+ rCorr Int+5}
   (You acquired it on level 5 of a ziggurat)

   Int+5:     It affects your intelligence (+5).
   rN+:       It protects you from negative energy.
   rCorr:     It protects you from acid and corrosion.
 Y - a +1 cloak of cold resistance
Jewellery
 a - a +5 ring of evasion (left claw)
 d - a ring of protection from fire
 h - an amulet of the acrobat
 k - a ring of willpower
 y - an amulet of guardian spirit
 z - the ring of Forrear (right claw) {Fly Str+6 SInv}
   (You found it on level 6 of a ziggurat)

   [ring of strength]

   Str+6:     It affects your strength (+6).
   SInv:      It lets you see invisible.
   Fly:       It grants you flight.
 F - an amulet of regeneration (around neck)
 J - the ring "Vuunulau" {rC+ rN++ Str-5 Dex+4}
   (You took it off a frost giant in an ice cave)

   [ring of protection from cold]

   Str-5:     It affects your strength (-5).
   Dex+4:     It affects your dexterity (+4).
   rC+:       It protects you from cold.
   rN++:      It greatly protects you from negative energy.
 K - a ring of positive energy
 P - a +5 ring of evasion
 U - a ring of willpower
Talismans
 c - a talisman of death
 j - a granite talisman (active)
Wands
 e - a wand of flame (45)
 p - a wand of mindburst (36)
 L - a wand of digging (6)
 R - a wand of polymorph (25)
 V - a wand of light (1)
Scrolls
 m - 4 scrolls of enchant armour
 s - 7 scrolls of revelation
 A - 12 scrolls of fog
 C - a scroll of enchant weapon
 G - 13 scrolls of teleportation
 H - 4 scrolls of brand weapon
 I - 2 scrolls of torment
 Z - 3 scrolls of poison
Potions
 b - 15 potions of lignification
 f - 8 potions of enlightenment
 g - 6 potions of haste
 l - a potion of resistance
 o - 11 potions of mutation
 q - 7 potions of brilliance
 r - 2 potions of invisibility
 u - 12 potions of curing
 x - 2 potions of heal wounds
 E - 5 potions of might
 O - 4 potions of berserk rage
Miscellaneous
 i - a tin of tremorstones (2/2)


   Skills:
 + Level 19.8 Fighting
 - Level 8.3 Armour
 - Level 1.5 Dodging
 - Level 5.7 Stealth
 - Level 26.1 Unarmed Combat
 - Level 23.1 Shapeshifting


You had 22 spell levels left.
You didn't know any spells.
Your spell library contained the following spells:

 Spells                   Type           Power      Damage    Failure   Level
 Apportation              Tloc           0%         N/A       50%         1
 Foxfire                  Conj/Fire      0%         2x1d4     50%         1
 Freeze                   Ice            0%         1d3       50%         1
 Magic Dart               Conj           0%         1d3       50%         1
 Necrotise                Necr           0%         1d4       50%         1
 Blink                    Tloc           0%         N/A       65%         2
 Ensorcelled Hibernation  Hex/Ice        0%         N/A       65%         2
 Jinxbite                 Hex            0%         N/A       65%         2
 Lesser Beckoning         Tloc           0%         N/A       65%         2
 Momentum Strike          Conj/Tloc      0%         3d8       65%         2
 Passwall                 Tmut/Erth      0%         N/A       65%         2
 Poisonous Vapours        Pois/Air       0%         N/A       65%         2
 Scorch                   Fire           0%         2d5       65%         2
 Dazzling Flash           Conj/Hex       0%         N/A       86%         3
 Frozen Ramparts          Ice            0%         1d1       86%         3
 Gell's Gravitas          Tloc           0%         N/A       86%         3
 Hailstorm                Conj/Ice       0%         3d3       86%         3
 Ignite Poison            Fire/Tmut/Pois 0%         N/A       86%         3
 Inner Flame              Hex/Fire       0%         N/A       86%         3
 Mephitic Cloud           Conj/Pois/Air  0%         N/A       86%         3
 Swiftness                Air            0%         N/A       86%         3
 Teleport Other           Tloc           0%         N/A       86%         3
 Volatile Blastmotes      Fire/Tloc      0%         2d10      86%         3
 Flame Wave               Conj/Fire      0%         2d4       99%         4
 Fulminant Prism          Conj/Hex       0%         3d5       99%         4
 Iskenderun's Mystic Bla  Conj/Tloc      0%         2d3       99%         4
 Leda's Liquefaction      Hex/Erth       0%         N/A       99%         4
 Passage of Golubria      Tloc           0%         N/A       99%         4
 Petrify                  Tmut/Erth      0%         N/A       99%         4
 Sticky Flame             Conj/Fire      0%         2d3       99%         4
 Vhi's Electric Charge    Tloc/Air       0%         N/A       99%         4
 Alistair's Intoxication  Tmut/Pois      0%         N/A       100%        5
 Arcjolt                  Conj/Air       0%         1d10      100%        5
 Borgnjor's Vile Clutch   Necr/Erth      0%         N/A       100%        5
 Freezing Cloud           Conj/Ice/Air   0%         6-21      100%        5
 Lee's Rapid Deconstruct  Erth           0%         3d4*      100%        5
 Metabolic Englaciation   Hex/Ice        0%         N/A       100%        5
 Silence                  Hex/Air        0%         N/A       100%        5
 Yara's Violent Unravell  Hex/Tmut       0%         3d3       100%        5
 Bombard                  Conj/Erth      0%         9d1       100%        6
 Dispersal                Tloc           0%         N/A       100%        6
 Plasma Beam              Fire/Air       0%         2x1d10    100%        6
 Starburst                Conj/Fire      0%         6d3       100%        6
 Enfeeble                 Hex            0%         N/A       100%        7
 Orb of Destruction       Conj           0%         9d5       100%        7
 Ozocubu's Refrigeration  Ice            0%         4d7       100%        7
 Borgnjor's Revivificati  Necr           0%         N/A       100%        8
 Lehudib's Crystal Spear  Conj/Erth      0%         10d2      100%        8
 Maxwell's Capacitive Co  Air            0%         ∞         100%        8
 Death's Door             Necr           0%         N/A       100%        9
 Polar Vortex             Ice            0%         N/A       100%        9
 Summon Small Mammal      Summ           Unusable   N/A       N/A         1
 Summon Guardian Golem    Hex/Summ       Unusable   N/A       N/A         3
 Tukima's Dance           Hex            Unusable   N/A       N/A         3
 Animate Dead             Necr           Unusable   N/A       N/A         4
 Death Channel            Necr           Unusable   N/A       N/A         6
 Simulacrum               Ice/Necr       Unusable   N/A       N/A         6
 Haunt                    Necr/Summ      Unusable   N/A       N/A         7
 Spellforged Servitor     Conj/Summ      Unusable   N/A       N/A         7
 Dragon's Call            Summ           Unusable   N/A       N/A         9

Dungeon Overview and Level Annotations

Branches:
Dungeon (15/15)            Temple (1/1) D:7            Lair (5/5) D:9
 Shoals (4/4) Lair:3        Snake (4/4) Lair:3        Slime (5/5) Lair:5
    Orc (2/2) D:12            Elf (3/3) Orc:2        Vaults (0/5) D:13
 Depths (3/4) D:15          Sewer (visited)           IceCv (visited)

Altars:
Ashenzari
Cheibriados
Dithmenos
Elyvilon
Fedhas
Gozag
Hepliaklqana
Kikubaaqudgha
Makhleb
Nemelex Xobeh
Okawaru
Qazlal
Ru
Sif Muna
Trog
Uskayaw
Vehumet
Wu Jian
Xom
Yredelemnul
Zin
The Shining One
Jiyva
Lugonu

Shops:
D:4 **   D:5 [   D:8 !   D:10 *   Orc:2 :(:?:   Snake:2 (:   Snake:4 :=:
Depths:1 *   Depths:2 (

Portals:
Hell: Depths:1 Depths:2 Depths:3
Abyss: Lair:5 Depths:3
Pandemonium: Depths:1 Depths:2

Annotations:
D:7 3 runed translucent doors, Warped's ghost, novice VSFi
D:14 1 runed translucent door, 2 transporters
D:15 Louise
Shoals:3 3 runed translucent doors
Snake:1 3 runed translucent doors, exclusion: obsidian statue, CowFu's ghost, journeyman MiFi
Snake:4 3 runed translucent doors, GigaChad's ghost, adept HuFi; justen's ghost, adept HOFi
Slime:5 Royal Jelly
Elf:2 3 runed translucent doors


Innate Abilities, Weirdness & Mutations

You are a living statue of rough stone.
Your actions are slow, but your melee attacks are powerful.
You are resistant to unholy torment.
Your maximum health is greatly increased.
Your equipment is partially melded.
You are too large for most types of armour.
You are immune to poison.
You have claws for hands.
Your natural rate of healing is unusually fast.
((You are covered in fur. (AC +1)))
((You have tough skin. (AC +1)))
You are very clumsy. (Dex -4)
Armour fits poorly on your strangely shaped body.
You are dopey. (Int -2)


Message History

The azure jelly closely misses you. The azure jelly barely misses you.
The azure jelly hits you but does no damage. x2
The acid blob spits acid at you. The splash of acid hits you!
The azure jelly hits you but does no damage. x2
The azure jelly closely misses you. x2
You mangle the azure jelly!!
The azure jelly is heavily wounded.
The Royal Jelly hits you!
You are splashed with acid!
The Royal Jelly hits you!
You are splashed with acid!
The azure jelly closely misses you.
The azure jelly hits you but does no damage. x3
You eviscerate the Royal Jelly!!!!
Your claws burn!
The Royal Jelly is moderately wounded.
The Royal Jelly shudders alarmingly.
The Royal Jelly spits out seven more jellies.
The azure jelly hits you but does no damage.
The azure jelly misses you.
The azure jelly hits you but does no damage. x2
The Royal Jelly hits you!!
You are splashed with acid!
* * * LOW HITPOINT WARNING * * *
The Royal Jelly hits you but does no damage.
The azure jelly hits you.
* * * LOW HITPOINT WARNING * * *
The azure jelly freezes you!!!
* * * LOW HITPOINT WARNING * * *
The azure jelly hits you but does no damage. x3
The acid blob hits you.
* * * LOW HITPOINT WARNING * * *
You are splashed with acid!
* * * LOW HITPOINT WARNING * * *
The azure jelly hits you but does no damage. x2
The azure jelly closely misses you. The azure jelly hits you.
* * * LOW HITPOINT WARNING * * *
The acid blob hits you but does no damage.
The rockslime hits you!!
* * * LOW HITPOINT WARNING * * *
You are shoved backwards!
The acid blob spits acid at you. The splash of acid hits you!!
You die...

##..##...........
##................
##.................
##..................
#...J..............#
##.JJJJ............#.
#...JJ.J............#
#....JJ..............
##..8J...............
#...................
##..................
#..................
#..................
##.................
###...............
###......JJ.....
##............


You could see the Royal Jelly, 3 acid blobs, 2 azure jellies, 3 rockslimes and 2
quicksilver oozes.

Vanquished Creatures
  A royal mummy (Zig:7)
  Vashnia (Snake:2)
  2 caustic shrikes
  Saint Roka (Elf:3)
  A golden dragon (Depths:3)
  2 bone dragons
  Nikola (Shoals:3)
  2 iron giants (Zig:5)
  Jorgrun (D:12)
  2 tentacled monstrosities (Depths:2)
  A walking crystal tome (Depths:2)
  2 walking earthen tomes
  2 liches
  A Hell Sentinel (Abyss:2)
  A quicksilver dragon (Snake:4)
  3 titans (Depths:2)
  2 sphinxes
  4 deep elf blademasters (Elf:3)
  2 deep elf master archers (Elf:3)
  A kraken (Shoals:4)
  A walking frostbound tome (Depths:3)
  24 acid blobs
  3 tentacled starspawn
  3 tengu reavers
  Polyphemus (Shoals:4)
  13 rockslimes
  Kirke (D:15)
  Roxanne (Shoals:3)
  3 storm dragons
  Donald (Elf:2)
  9 frost giants
  9 azure jellies
  2 revenants (Zig:3)
  3 nagarajas
  6 deep elf sorcerers (Elf:3)
  An iron dragon (Depths:2)
  6 fire giants
  A draconian knight (Zig:4)
  6 deep elf elementalists (Elf:3)
  A draconian scorcher (Zig:4)
  A quicksilver elemental (Zig:5)
  An orc warlord (D:12)
  A draconian stormcaller (Zig:4)
  6 quicksilver oozes
  A cacodemon (Depths:1)
  A spriggan defender (Depths:3)
  5 formless jellyfish (Slime:3)
  11 stone giants
  11 very ugly things
  A war gargoyle (Zig:5)
  6 deep elf demonologists
  A green draconian (Abyss:4)
  3 vampire knights
  6 deep elf annihilators (Elf:3)
  Nessos (Lair:4)
  2 dire elephants (Zig:6)
  5 spark wasps (Depths:2)
  A white draconian (IceCv)
  3 deep elf death magi (Elf:3)
  A mummy priest (Zig:7)
  7 ettins
  A jiangshi (Zig:3)
  4 fire dragons
  6 merfolk impalers
  6 merfolk javelineers
  2 deep elf high priests
  6 hydras
  9 great orbs of eyes
  5 spriggan air magi
  5 salamander tyrants (Snake:4)
  10 ice dragons
  8 centaur warriors
  Erica (D:8)
  6 rakshasas
  12 anacondas
  5 merfolk avatars
  A death knight (D:13)
  4 ironbound frosthearts (IceCv)
  13 naga warriors
  2 catoblepae
  An ogre mage (D:13)
  5 merfolk aquamancers
  2 boulder beetles
  A vampire mage (Depths:3)
  4 two-headed ogres
  26 dancing weapons
  4 tengu warriors
  3 death yaks
  A death scarab (Zig:7)
  6 deep troll shamans
  5 deep troll earth magi
  3 satyrs
  5 spriggan berserkers
  3 orc high priests (Orc:2)
  10 shock serpents
  9 naga sharpshooters
  6 hell knights (Depths:2)
  5 thrashing horrors
  A spriggan (Depths:3)
  A crystal echidna (Zig:5)
  A fire crab (shapeshifter) (Lair:5)
  Nergalle (D:12)
  12 skysharks
  A skeletal warrior (D:13)
  5 salamander mystics
  Amaemon (Lair:3)
  24 deep elf knights
  A spatial maelstrom (Abyss:5)
  2 sixfirhies
  2 wretched stars
  Lodul (D:11)
  6 iron trolls
  5 naga ritualists
  9 deep trolls
  9 sea snakes
  5 glowing orange brains
  A shadow demon (Depths:1)
  A flayed ghost (Depths:2)
  3 occultists
  An orange crystal statue (IceCv)
  15 deep elf archers
  A steelbarb worm (shapeshifter) (Depths:3)
  27 deep elf pyromancers
  5 phantasmal warriors
  A necromancer (Depths:2)
  2 lindwurms (Lair:2)
  45 ugly things
  11 harpies
  31 deep elf zephyrmancers
  An oklob plant (Lair:3)
  10 mana vipers
  4 orc knights (Orc:2)
  6 cyclopes
  4 orc sorcerers
  3 shining eyes
  17 fauns
  A manticore (shapeshifter) (Depths:1)
  16 manticores
  A worldbinder (Abyss:4)
  An elephant (shapeshifter) (Elf:2)
  A will-o-the-wisp (Lair:4)
  10 elephants
  15 salamanders
  39 black mambas
  11 merfolk sirens
  6 water nymphs
  4 smoke demons
  An ice statue (Shoals:2)
  6 guardian serpents
  A water nymph (shapeshifter) (Depths:2)
  A black mamba (shapeshifter) (Elf:2)
  6 eyes of devastation
  A guardian serpent (shapeshifter) (Elf:3)
  An apocalypse crab (Abyss:5)
  18 naga magi
  A torpor snail (Lair:2)
  An orange demon (Lair:3)
  5 gargoyles
  18 cane toads
  An unseen horror (D:11)
  Psyche (D:9)
  14 komodo dragons
  A yaktaur (D:13)
  A kobold demonologist (D:10)
  An efreet (Abyss:2)
  28 rime drakes
  4 freezing wraiths
  4 harpy zombies (Shoals:2)
  An ice devil (Abyss:2)
  2 ancient zymes (Abyss:4)
  A tengu conjurer (D:13)
  A red devil (Abyss:2)
  4 trolls
  4 wind drakes
  26 merfolk
  Prince Ribbit (D:9)
  20 polar bears
  12 raiju
  21 blink frogs
  3 hornets
  7 large abominations
  A raiju (shapeshifter) (D:13)
  8 snapping turtles
  23 dream sheep
  94 slime creatures
  A shapeshifter (Abyss:2)
  3 shadows
  2 ynoxinuls
  6 wraiths
  3 air elementals
  A fire elemental (Elf:3)
  3 hogs (D:15)
  A basilisk (shapeshifter) (Elf:3)
  Eustachio (D:6)
  7 water elementals
  An ushabti (Zig:7)
  4 wyverns
  3 humans (D:15)
  11 basilisks
  A vampire (D:8)
  34 yaks
  2 steam dragons (D:8)
  10 golden eyes
  2 starcursed masses (Abyss:5)
  8 vampire mosquitoes
  2 neqoxecs
  Grum (D:8)
  3 chaos spawn (Lair:5)
  45 nagas
  8 wargs
  3 acid dragons
  A floating eye (shapeshifter) (D:15)
  18 water moccasins
  16 small abominations
  2 ice beasts
  31 orc warriors
  A sky beast (D:6)
  A manticore zombie (Shoals:2)
  4 black bears
  21 wolves
  15 ogres
  2 phantoms
  18 centaurs
  3 kobold brigands (D:8)
  10 bullfrogs
  A gnoll sergeant (D:7)
  An earth elemental (Elf:1)
  8 wights
  10 killer bees
  2 lava snakes (Lair:3)
  A crimson imp (D:11)
  5 hounds
  3 jellies
  11 orc priests
  2 sleepcaps
  3 iguanas
  Ijyb (D:4)
  19 orc wizards
  3 hell rats
  Robin (D:3)
  4 gnolls (D:7)
  11 adders
  17 river rats
  5 white imps
  5 worms
  A dart slug (D:1)
  60 orcs
  A ball python (shapeshifter) (Depths:2)
  5 endoplasms
  A giant cockroach (D:1)
  14 goblins
  11 hobgoblins
  2 jackals (D:1)
  30 kobolds
  4 quokkas
  5 ball pythons
  5 bats
  5 frilled lizards
  15 rats
  A starspawn tentacle (Abyss:4)
1715 creatures vanquished.

Vanquished Creatures (others)
  A deep elf pyromancer (Elf:1)
  A deep elf zephyrmancer (Elf:3)
  A merfolk siren (Shoals:3)
  A rime drake (IceCv)
  A merfolk (Shoals:3)
  2 water elementals
  A bullfrog (D:8)
  An orc priest (Orc:2)
  An orc wizard (Orc:2)
  An orc (D:8)
  7 foxfires (Lair:4)
  4 starspawn tentacles (Abyss:4)
22 creatures vanquished.

Grand Total: 1737 creatures vanquished

Notes
Turn   | Place    | Note
-------+----------+-------------------------------------------
     0 | D:1      | perezv8180 the Troll Shapeshifter began the quest for the
                  | Orb.
     0 | D:1      | Reached XP level 1. HP: 18/18 MP: 0/0
    23 | D:1      | Upgraded the game from 0.31-a0-879-g1609e0ac53 to
                  | 0.31-a0-881-ge136f0c47a
   128 | D:1      | Reached XP level 2. HP: 26/26 MP: 1/1
   233 | D:1      | Found a faded altar of an unknown god.
   249 | D:1      | Reached skill level 4 in Unarmed Combat
   494 | D:1      | Reached XP level 3. HP: 32/32 MP: 2/2
  1021 | D:2      | Found a stormy altar of Qazlal.
  1206 | D:2      | Reached XP level 4. HP: 40/40 MP: 3/3
  1382 | D:3      | Noticed Robin
  1393 | D:3      | Reached skill level 5 in Unarmed Combat
  1435 | D:3      | Killed Robin
  1478 | D:3      | Identified the +8 falchion of Riumifofa {spect, rElec
                  | Stlth+}
  1652 | D:3      | You fall into a shaft and drop 2 floors!
  1652 | D:5      | Entered Level 5 of the Dungeon
  1670 | D:5      | Noticed a black bear
  1675 | D:5      | Reached XP level 5. HP: 37/46 MP: 4/4
  1691 | D:5      | HP: 2/46 [black bear (6)]
  1699 | D:5      | Killed a black bear
  1700 | D:5      | Reached skill level 6 in Unarmed Combat
  1950 | D:5      | Found a glowing golden altar of the Shining One.
  1981 | D:5      | Noticed a black bear
  1984 | D:5      | Killed a black bear
  1985 | D:5      | Reached skill level 7 in Unarmed Combat
  1985 | D:5      | Reached XP level 6. HP: 54/54 MP: 5/5
  2053 | D:5      | Found Xienkaph's Antique Armour Shop.
  2060 | D:5      | Bought a bloodstained robe for 119 gold pieces
  2060 | D:5      | Identified the +1 robe of Buerghawk {Will- Regen+ Int+3
                  | Archmagi} (You bought it in a shop on level 5 of the
                  | Dungeon)
  2185 | D:5      | Reached skill level 8 in Unarmed Combat
  2203 | D:5      | Reached XP level 7. HP: 61/61 MP: 6/6
  2726 | D:6      | Reached skill level 9 in Unarmed Combat
  2808 | D:6      | Reached XP level 8. HP: 68/68 MP: 7/7
  2978 | D:6      | Reached skill level 10 in Unarmed Combat
  2978 | D:6      | Reached skill level 1 in Fighting
  2985 | D:6      | Noticed Eustachio
  2996 | D:6      | Killed Eustachio
  3483 | D:4      | Found an ancient bone altar of Kikubaaqudgha.
  3586 | D:4      | Found Busyeq's General Store.
  3588 | D:4      | Found Jadidgh's Specific Store.
  3648 | D:4      | Found a glowing drain.
  3660 | Sewer    | Entered a sewer
  3865 | D:4      | Noticed Ijyb
  3876 | D:4      | Killed Ijyb
  4736 | D:3      | Reached skill level 5 in Fighting
  4751 | D:3      | Found a snail-covered altar of Cheibriados.
  4972 | D:7      | Noticed a hornet
  5080 | D:7      | Found a staircase to the Ecumenical Temple.
  5083 | D:7      | Found a runed translucent gate.
  5083 | D:7      | Found a runed translucent gate.
  5083 | D:7      | Found a runed translucent gate.
  5083 | D:7      | Noticed Warped's ghost (novice VSFi)
  5084 | D:7      | Noticed a two-headed ogre
  5133 | D:7      | Noticed a hornet
  5138 | D:7      | Paralysed by a hornet for 3 turns
  5143 | D:7      | Killed a hornet
  5144 | D:7      | Reached XP level 9. HP: 42/89 MP: 7/8
  5295 | Temple   | Entered the Ecumenical Temple
  5319 | D:7      | Found a burning altar of Makhleb.
  5323 | D:7      | Paralysed by a hornet for 1 turns
  5581 | D:7      | Found a shimmering blue altar of Sif Muna.
  5637 | D:7      | Found a shadowy altar of Dithmenos.
  5978 | D:8      | Noticed a two-headed ogre
  6030 | D:8      | Killed a two-headed ogre
  6031 | D:8      | Reached skill level 11 in Unarmed Combat
  6097 | D:8      | Reached skill level 12 in Unarmed Combat
  6125 | D:8      | Reached XP level 10. HP: 86/100 MP: 9/9
  6197 | D:8      | Found an iron altar of Okawaru.
  6237 | D:8      | Noticed Erica
  6253 | D:8      | Killed Erica
  6285 | D:8      | Became a worshipper of Warmaster Okawaru
  6311 | D:8      | Found a shimmering altar of Xom.
  6373 | D:8      | Found Lubofal's Distillery.
  6428 | D:8      | Noticed Grum
  6434 | D:8      | Reached skill level 13 in Unarmed Combat
  6436 | D:8      | Killed Grum
  6655 | D:8      | Noticed a manticore
  6673 | D:8      | Reached * piety under Okawaru
  7060 | D:9      | Reached skill level 14 in Unarmed Combat
  7086 | D:9      | Reached ** piety under Okawaru
  7217 | D:9      | Found a staircase to the Lair.
  7451 | D:9      | Reached XP level 11. HP: 101/109 MP: 10/10
  7505 | D:9      | Reached skill level 15 in Unarmed Combat
  7517 | D:9      | Noticed Prince Ribbit
  7531 | D:9      | Killed Prince Ribbit
  7781 | D:9      | Found an ornate altar of the Wu Jian Council.
  7782 | D:9      | Noticed Psyche
  7790 | D:9      | Killed Psyche
  7790 | D:9      | Reached *** piety under Okawaru
  7832 | D:10     | Entered Level 10 of the Dungeon
  7848 | D:10     | Noticed a two-headed ogre
  7858 | D:10     | Noticed a purple ugly thing
  7860 | D:10     | Noticed a centaur warrior
  7862 | D:10     | Killed a two-headed ogre
  7864 | D:10     | Killed a purple ugly thing
  7867 | D:10     | Killed a centaur warrior
  7938 | D:9      | Reached skill level 16 in Unarmed Combat
  8093 | D:10     | Found Ithruty's Demolitions Depot.
  8177 | D:10     | Found a hazy altar of Hepliaklqana.
  8478 | D:10     | Found a white marble altar of Elyvilon.
  8480 | D:10     | Found a broken altar of Ashenzari.
  8481 | D:10     | Found an opulent altar of Gozag.
  8485 | D:10     | Found a hide-covered altar of Uskayaw.
  8730 | D:11     | Noticed a two-headed ogre
  8741 | D:11     | Killed a two-headed ogre
  8741 | D:11     | Reached **** piety under Okawaru
  8936 | D:11     | Noticed a two-headed ogre
  8942 | D:11     | Killed a two-headed ogre
  9103 | D:11     | Identified the +2 scale mail of the Cockroach {rPois}
  9143 | D:11     | Noticed a purple ugly thing
  9160 | D:11     | Killed a purple ugly thing
  9603 | D:12     | Noticed Nergalle
  9613 | D:12     | Killed Nergalle
  9613 | D:12     | Reached ***** piety under Okawaru
  9656 | D:12     | Noticed a purple ugly thing
  9665 | D:12     | Killed a purple ugly thing
  9745 | D:12     | Reached XP level 12. HP: 72/126 MP: 10/11
  9899 | D:12     | Found a staircase to the Orcish Mines.
  9911 | Orc:1    | Entered Level 1 of the Orcish Mines
  9918 | Orc:1    | Noticed an orc warlord
  9969 | D:12     | Noticed Lodul
 10027 | D:11     | Reached skill level 10 in Fighting
 10031 | D:11     | Killed Lodul
 10031 | D:11     | Received a gift from Okawaru
 10240 | D:12     | Noticed Jorgrun
 10255 | D:12     | Killed Jorgrun
 10367 | D:12     | Identified the +10 dagger of Zakkoser {freeze, rCorr Dex+5
                  | Stlth-}
 10602 | D:12     | Received a gift from Okawaru
 10845 | D:13     | Noticed an ogre mage
 10856 | D:13     | Killed an ogre mage
 10973 | D:13     | Found a gate to the Vaults.
 11003 | D:13     | Noticed a rakshasa
 11046 | D:13     | Noticed a centaur warrior
 11291 | D:13     | Noticed a centaur warrior
 11298 | D:13     | Killed a centaur warrior
 11298 | D:13     | Received a gift from Okawaru
 11323 | D:13     | Killed a centaur warrior
 11347 | D:13     | HP: 6/133 [yaktaur/bolt (22)]
 11650 | Lair:1   | Entered Level 1 of the Lair of Beasts
 11693 | Lair:1   | Reached XP level 13. HP: 78/144 MP: 11/12
 12143 | Lair:1   | Received a gift from Okawaru
 12230 | Lair:1   | Reached skill level 5 in Shapeshifting
 13248 | Lair:2   | Received a gift from Okawaru
 13405 | Lair:2   | Reached ****** piety under Okawaru
 13815 | Lair:2   | Received a gift from Okawaru
 14051 | Lair:2   | Reached skill level 10 in Shapeshifting
 14553 | Lair:3   | Received a gift from Okawaru
 14554 | Lair:3   | Reached XP level 14. HP: 103/153 MP: 13/13
 14764 | Lair:3   | Found a staircase to the Shoals.
 15066 | Lair:3   | Noticed Amaemon
 15079 | Lair:3   | Killed Amaemon
 15082 | Lair:3   | Identified the +10 spear of the Salmon {flame, rN+}
 15705 | Lair:3   | Found a staircase to the Snake Pit.
 15719 | Lair:3   | Upgraded the game from 0.31-a0-881-ge136f0c47a to
                  | 0.31-a0-931-g7b59d4eb97
 16167 | D:13     | Got a rare book
 16317 | D:13     | Received a gift from Okawaru
 16406 | D:13     | Reached skill level 1 in Stealth
 16750 | D:13     | Reached skill level 17 in Unarmed Combat
 17197 | D:14     | Noticed a stone giant
 17494 | D:14     | Received a gift from Okawaru
 17587 | D:14     | Found a runed translucent door.
 17861 | D:14     | Found a transporter.
 17865 | D:14     | Found a transporter.
 18285 | D:15     | Entered Level 15 of the Dungeon
 18391 | D:15     | Reached skill level 18 in Unarmed Combat
 18391 | D:15     | Noticed Kirke
 18400 | D:15     | Killed Kirke
 18657 | D:15     | Received a gift from Okawaru
 18886 | D:15     | Reached skill level 5 in Stealth
 18886 | D:15     | Reached XP level 15. HP: 161/161 MP: 14/14
 18992 | D:15     | Found a staircase to the Depths.
 19147 | D:15     | Noticed Louise
 19446 | Lair:4   | Noticed Nessos
 19557 | Lair:4   | Killed Nessos
 19667 | Lair:4   | Received a gift from Okawaru
 20542 | Lair:5   | Entered Level 5 of the Lair of Beasts
 20615 | Lair:5   | Reached skill level 19 in Unarmed Combat
 20629 | Lair:5   | Identified the +1 ring mail "Eprop" {Str+2}
 20889 | Lair:5   | Found a staircase to the Slime Pits.
 20889 | Lair:5   | Found a viscous altar of Jiyva.
 21082 | Lair:5   | Received a gift from Okawaru
 21423 | Lair:5   | Reached skill level 20 in Unarmed Combat
 21488 | Lair:5   | Received a gift from Okawaru
 21584 | Lair:5   | Found a corrupted altar of Lugonu.
 21584 | Lair:5   | Found a one-way gate to the infinite horrors of the Abyss.
 21599 | Lair:5   | Identified the scarf of Hapseurgh {+Inv, rPois Str+4}
 22055 | Shoals:1 | Entered Level 1 of the Shoals
 22527 | Lair:3   | Received a gift from Okawaru
 22878 | Shoals:1 | Reached XP level 16. HP: 170/170 MP: 15/15
 23011 | Shoals:1 | Reached skill level 15 in Shapeshifting
 23319 | Shoals:1 | Received a gift from Okawaru
 23587 | Shoals:2 | Found a frozen archway.
 23723 | IceCv    | Entered an ice cave
 24100 | IceCv    | Received a gift from Okawaru
 24478 | IceCv    | Identified the ring "Vuunulau" {rC+ rN++ Str-5 Dex+4}
 25533 | Shoals:3 | Received a gift from Okawaru
 25636 | Shoals:3 | Noticed Nikola
 25649 | Shoals:3 | Killed Nikola
 25838 | Shoals:3 | Found a runed translucent gate.
 25839 | Shoals:3 | Found a runed translucent gate.
 25840 | Shoals:3 | Found a runed translucent gate.
 26083 | Shoals:3 | Noticed Roxanne
 26199 | Shoals:3 | Killed Roxanne
 26199 | Shoals:3 | Received a gift from Okawaru
 26383 | Shoals:3 | Reached XP level 17. HP: 137/178 MP: 16/16
 26457 | Shoals:4 | Identified the of Geagro
 26457 | Shoals:4 | Entered Level 4 of the Shoals
 26469 | Shoals:4 | Reached skill level 21 in Unarmed Combat
 26693 | Shoals:4 | Noticed a kraken
 26754 | Shoals:4 | Noticed Polyphemus
 26786 | Shoals:4 | Killed Polyphemus
 26800 | Shoals:4 | Received a gift from Okawaru
 27552 | Shoals:4 | Received a gift from Okawaru
 27861 | Shoals:4 | Identified the +10 glaive "Soust" {venom, Int+4 Dex+3}
 28015 | Shoals:4 | Killed a kraken
 28021 | Shoals:4 | Got a barnacled rune of Zot
 28179 | Snake:1  | Entered Level 1 of the Snake Pit
 28355 | Snake:1  | Received a gift from Okawaru
 28739 | Snake:1  | Found a runed translucent gate.
 28740 | Snake:1  | Found a runed translucent gate.
 28740 | Snake:1  | Found a runed translucent gate.
 28741 | Snake:1  | Found an opulent altar of Gozag.
 28743 | Snake:1  | Noticed CowFu's ghost (journeyman MiFi)
 28855 | Snake:2  | Noticed Vashnia
 28928 | Snake:2  | Killed Vashnia
 29020 | Snake:2  | Received a gift from Okawaru
 29090 | Snake:2  | Reached XP level 18. HP: 185/185 MP: 17/17
 29191 | Snake:2  | Found Sizany's Self-Published Books.
 29301 | Snake:2  | Received a gift from Okawaru
 29376 | Snake:2  | Found Woraczoj's Antique Weapon Shoppe.
 30528 | Snake:4  | Entered Level 4 of the Snake Pit
 30725 | Snake:4  | Identified the +0 sling of Wudonn {flame, Str+3 Dex+5
                  | Stlth-}
 30942 | Snake:4  | Found a runed translucent gate.
 30942 | Snake:4  | Found a runed translucent gate.
 30943 | Snake:4  | Found a runed translucent gate.
 30944 | Snake:4  | Noticed GigaChad's ghost (adept HuFi)
 30944 | Snake:4  | Noticed justen's ghost (adept HOFi)
 31296 | Snake:4  | Received a gift from Okawaru
 31313 | Snake:4  | Found Dolayrar's Book Boutique.
 31315 | Snake:4  | Found Kuotueno's Jewellery Shoppe.
 31316 | Snake:4  | Found Xyxzam's Book Boutique.
 31613 | Snake:4  | Got a serpentine rune of Zot
 31675 | Snake:4  | Received a gift from Okawaru
 32274 | Orc:2    | Entered Level 2 of the Orcish Mines
 32276 | Orc:2    | Found a staircase to the Elven Halls.
 32424 | Orc:2    | Found Wipsubb's Self-Improvement Boutique.
 32638 | Orc:2    | Found Cenigiso's Book Boutique.
 32638 | Orc:2    | Found Iqaol's Weapon Shoppe.
 32640 | Orc:2    | Found Tauxoer's Book Boutique.
 32640 | Orc:2    | Found Jujocuro's Magic Scroll Shoppe.
 32931 | Elf:1    | Entered Level 1 of the Elven Halls
 33042 | Elf:1    | Received a gift from Okawaru
 33043 | Elf:1    | Reached XP level 19. HP: 193/193 MP: 18/18
 33242 | Elf:1    | Reached skill level 22 in Unarmed Combat
 33409 | Elf:1    | Received a gift from Okawaru
 33811 | Elf:2    | Identified the +6 scimitar "Boggeske" {freeze, rElec rF-
                  | Will+ Str+2}
 33879 | Elf:2    | Noticed Donald
 33887 | Elf:2    | Killed Donald
 33894 | Elf:2    | Received a gift from Okawaru
 33897 | Elf:2    | Reached skill level 23 in Unarmed Combat
 34306 | Elf:2    | Found a runed translucent gate.
 34307 | Elf:2    | Found a runed translucent gate.
 34307 | Elf:2    | Found a runed translucent gate.
 34427 | Elf:3    | Identified the of Moafuobi
 34427 | Elf:3    | Identified the "Aluf"
 34427 | Elf:3    | Identified the "Gozih"
 34427 | Elf:3    | Entered Level 3 of the Elven Halls
 34482 | Abyss:2  | Cast into level 2 of the Abyss (a deep elf sorcerer)
 34499 | Abyss:2  | Found a corrupted altar of Lugonu.
 34618 | Abyss:2  | Found a corrupted altar of Lugonu.
 34646 | Abyss:2  | Gained mutation: You are clumsy. (Dex -2) [a neqoxec]
 34686 | Elf:3    | Escaped the Abyss
 34788 | Elf:3    | Received a gift from Okawaru
 34824 | Elf:2    | Paralysed by an air elemental for 1 turns
 34889 | Abyss:4  | Cast into level 4 of the Abyss (a deep elf sorcerer)
 34892 | Abyss:4  | Found a corrupted altar of Lugonu.
 34896 | Elf:3    | Escaped the Abyss
 34907 | Elf:3    | Reached skill level 24 in Unarmed Combat
 35038 | Elf:3    | Reached XP level 20. HP: 202/202 MP: 19/19
 35091 | Elf:3    | Received a gift from Okawaru
 35359 | Elf:3    | Identified the ring of Taejarou {Fire *Slow Str-5 Int+7}
 35372 | Elf:3    | Noticed Saint Roka
 35375 | Elf:3    | Identified the +1 leather armour "Amaek" {rF- rC++ Str+4}
 35385 | Elf:3    | Killed Saint Roka
 35468 | Elf:3    | Identified the +4 ring mail of the Intense God {Int+4 SInv}
 35706 | Elf:3    | Received a gift from Okawaru
 35742 | Elf:3    | Reached skill level 25 in Unarmed Combat
 36356 | Slime:1  | Entered Level 1 of the Pits of Slime
 36526 | Slime:2  | Reached skill level 1 in Armour
 36648 | Slime:1  | Received a gift from Okawaru
 36807 | Slime:2  | Reached skill level 5 in Armour
 37595 | Slime:4  | Received a gift from Okawaru
 37602 | Slime:4  | Paralysed by a great orb of eyes for 3 turns
 37605 | Slime:4  | Gained mutation: You are very clumsy. (Dex -4) [a shining
                  | eye]
 37612 | Slime:4  | Gained mutation: Armour fits poorly on your strangely
                  | shaped body. [a shining eye]
 38235 | Slime:5  | Identified the "Joidixe"
 38235 | Slime:5  | Entered Level 5 of the Pits of Slime
 38317 | Slime:5  | Reached skill level 26 in Unarmed Combat
 38331 | Slime:5  | Reached XP level 21. HP: 156/210 MP: 20/20
 38335 | Slime:5  | Noticed the Royal Jelly
 38634 | Lair:5   | Voluntarily entered the Abyss.
 38687 | Abyss:4  | Received a gift from Okawaru
 38692 | Abyss:4  | Found a corrupted altar of Lugonu.
 38734 | Abyss:4  | Gained mutation: You are dopey. (Int -2) [a neqoxec]
 38806 | Abyss:5  | Noticed a dread lich
 38859 | Lair:5   | Escaped the Abyss
 39204 | Depths:1 | Entered Level 1 of the Depths
 39239 | Depths:1 | Identified the +3 short sword of the Chain {flame, rC+ rN+
                  | Str+6}
 39252 | Depths:1 | Found Enoqajill's Assorted Antiques.
 39335 | Depths:1 | Found a one-way gate leading to the halls of Pandemonium.
 39449 | Depths:1 | Found a blossoming altar of Fedhas.
 39470 | Depths:1 | Received a gift from Okawaru
 39548 | Depths:1 | Found a gateway to Hell.
 39564 | Depths:1 | You fall into a shaft and drop 1 floor!
 39716 | Depths:1 | Reached skill level 15 in Fighting
 39873 | Depths:2 | Found a one-way gateway to a ziggurat.
 40011 | Depths:2 | Received a gift from Okawaru
 40048 | Depths:2 | Noticed a caustic shrike
 40053 | Depths:2 | Killed a caustic shrike
 40076 | Depths:2 | Found Ithuvud's Antique Weapon Shoppe.
 40121 | Depths:2 | Found a glowing silver altar of Zin.
 40134 | Depths:2 | Identified the +10 glaive of Luwkeute {freeze, rF+}
 40228 | Depths:2 | Received a gift from Okawaru
 40402 | Depths:2 | Found a basalt altar of Yredelemnul.
 40531 | Depths:2 | Reached XP level 22. HP: 234/234 MP: 21/21
 40922 | Coc:7    | Identified the "Tufe"
 40922 | Dis:7    | Identified the "Zianuk"
 40922 | Dis:7    | Identified the "Kecint"
 40922 | Zig:1    | Entered Level 1 of a ziggurat
 40923 | Zig:1    | Noticed a caustic shrike
 40927 | Zig:1    | Killed a caustic shrike
 40940 | Zig:2    | Entered Level 2 of a ziggurat
 40977 | Zig:3    | Entered Level 3 of a ziggurat
 40999 | Zig:4    | Entered Level 4 of a ziggurat
 41009 | Zig:4    | Received a gift from Okawaru
 41030 | Zig:4    | Reached XP level 23. HP: 244/244 MP: 22/22
 41039 | Zig:5    | Entered Level 5 of a ziggurat
 41119 | Zig:5    | Identified 3 scrolls of acquirement
 41154 | Zig:5    | Acquired a manual of Fighting
 41159 | Zig:5    | Acquired the +8 pearl dragon scales "Anuhiocli" {rN+ rCorr
                  | Int+5}
 41164 | Zig:5    | Acquired a ring of positive energy
 41221 | Zig:6    | Entered Level 6 of a ziggurat
 41289 | Zig:6    | Identified the ring of Forrear {Fly Str+6 SInv}
 41291 | Zig:6    | Identified the staff "Woalirch" {rF+ Will+ Fire}
 41321 | Zig:7    | Entered Level 7 of a ziggurat
 41326 | Zig:7    | Noticed a royal mummy
 41339 | Zig:7    | Killed a royal mummy
 41759 | Depths:3 | Received a gift from Okawaru
 42469 | Depths:3 | Received a gift from Okawaru
 42603 | Depths:3 | Found a broken altar of Ashenzari.
 43239 | Slime:5  | Found a viscous altar of Jiyva.
 43552 | Slime:5  | Killed from afar by an acid blob

Illustrated notes

Levels and vault maps discovered:
D:1:      beargit_arrival_diablo_church, layout_loops_ring,
          hellmonk_ecumenical_altar_blasted
D:2:      layout_basic, basic_altar
D:3:      layout_rooms, marbit_many_paths, uniq_robin
D:4:      layout_layer_cave, mainiacjoe_overflow_six_doors_small, serial_glass,
          glass_columns_c, glass_columns_b, glass_columns_c, glass_columns_b,
          lightli_sewer_entry_pipes, nicolae_specific_store, uniq_ijyb
D:5:      layout_basic, tso_metal_star, serial_shops, nicolae_shop_statue_plus
D:6:      layout_basic, uniq_eustachio
D:7:      layout_basic, mainiacjoe_overflow_chevrons,
          nicolae_dithmenos_through_a_glass_darkly,
          nicolae_overflow_hidden_temple, minmay_temple_entry_mini_moons,
          gammafunk_ghost_split, kennysheep_generic_room_4
D:8:      minmay_clustersquares, layout_basic, xom_confusion_cloud,
          mainiacjoe_overflow_alcove_4, serial_shops, shop_coins, uniq_grum,
          uniq_erica
D:9:      layout_stronghold, nzn_wu_jian_council_hall, lair_entry_dummy,
          uniq_psyche, uniq_prince_ribbit1
D:10:     layout_loops_ring, mainiacjoe_overflow_concentric_impassable,
          minitemple, nicolae_blasting_shop, minmay_tree_intersection,
          minivault_20
D:11:     layout_loops_ring, minmay_fire_ice_demons
D:12:     layout_roguey, orc_0_dummy, minmay_between, uniq_lodul, uniq_jorgrun,
          uniq_nergalle
D:13:     minmay_the_grid_octo_2x2 [minmay_the_grid_octo_empty,
          minmay_the_grid_octo_teeth, minmay_the_grid_octo_empty,
          minmay_the_grid_octo_prize_square_snowflake], layout_gridville
D:14:     gammafunk_beogh_shrine, layout_basic, roderic_lattice_a,
          lightli_church_of_beogh
D:15:     grunt_enter_depths_snipers, layout_basic, nicolae_figureground_pulse,
          uniq_louise, uniq_kirke
Temple:   hellmonk_temple_flake
Lair:1:   layout_concentric_octagons
Lair:2:   nzn_winding_woodlands_stair_cross
          [nzn_winding_woodlands_5x15_concentric,
          nzn_winding_woodlands_center_pierced_h,
          nzn_winding_woodlands_5x15_pool, nzn_winding_woodlands_5x5_cross,
          nzn_winding_woodlands_5x5_closed_star,
          nzn_winding_woodlands_5x15_jagged, nzn_winding_woodlands_center_lodge,
          nzn_winding_woodlands_5x15_twine], layout_chaotic_city,
          nicolae_lair_lindhole
Lair:3:   layout_regular_city, elwin_shoals_entry_stream,
          nicolae_snake_entry_warm_welcome, minmay_lair_oklob_bushes,
          uniq_amaemon
Lair:4:   layout_concentric_octagons, pond, infiniplex_staircase_pool_2,
          uniq_nessos
Lair:5:   hellmonk_lair_end_abyssal_woods, layout_loops_ring,
          nicolae_slime_entry_slimehenge, kennysheep_rathole
Shoals:1: layout_shoals
Shoals:2: layout_shoals, portal_ice_cave_entry_ice_statue_two,
          nicolae_shoals_undead_eyrie
Shoals:3: layout_shoals, nicolae_shoals_beach_cooler, uniq_nikola, uniq_roxanne
Shoals:4: shoals_end_hangedman, layout_shoals, uniq_polyphemus
Snake:1:  layout_concentric_octagons, ebering_ghost_gozag
Snake:2:  layout_onion, serial_shops, nicolae_shop_just_a_little_nook,
          nicolae_custom_books, uniq_vashnia
Snake:3:  nicolae_snake_hallway, layout_chambers
Snake:4:  hellmonk_snake_rune_quicksilver_temple, layout_chambers, special_room,
          gammafunk_ghost_cemetery, grunt_megastairs_4, minmay_shop_grove
Slime:1:  layout_caves
Slime:2:  layout_caves
Slime:3:  layout_caves, nicolae_slime_rock_hall_of_fame
Slime:4:  layout_caves
Slime:5:  slime_pit_nicolae_amoeboid
Orc:1:    layout_caves, nicolae_orc_stony_grotto, minmay_orc_keep
Orc:2:    grunt_orc_tribal_feast, layout_diamond_mine, nicolae_shop_self_help
Elf:1:    nicolae_elf_arrival_fired_up, layout_geoelf_octagon,
          hangedman_elf_represent, billiards_dpeg
Elf:2:    nicolae_elf_blades_crystal_corner, layout_onion_city, uniq_donald
Elf:3:    minmay_elf_hall_circle, layout_geoelf_grid, uniq_saint_roka
Depths:1: layout_cave_pools, rand_demon_pan_entry_7, serial_shops,
          nicolae_shop_rolling_square, fedhas_altar_2, hell_entry,
          minmay_misc_feat_tiny, item_on_display_a
Depths:2: minmay_central_circle, layout_cave_pools, enter_ziggurat_b,
          hell_entry, yredelemnul_altar_generic, pan_entry, serial_shops, shop,
          zin_treasury
Depths:3: grunt_deathspiral_large, layout_gridlike, hell_entry, abyss_entry,
          ashenzari_conservatory_becter

Skill      XL: |  1  2  3  4  5  6  7  8  9 10 11 12 13 14 15 16 17 18 19 20 21 22 23 |
---------------+----------------------------------------------------------------------+-----
Unarmed Combat | 4 5 7 8 9 10 12 14 16 18 20 21 24 26 | 26.1
Fighting       | 6 7 9 13 16 17 19 | 19.8
Shapeshifting  | 10 11 14 17 20 22 23 | 23.1
Stealth        | 5 |  5.7
Armour         | 8 |  8.3
Dodging        | |  1.5

Action                     |  1- 3 |  4- 6 |  7- 9 | 10-12 | 13-15 | 16-18 | 19-21 | 22-24 || total
---------------------------+-------+-------+-------+-------+-------+-------+-------+-------++-------
  Melee: Unarmed           |    85 |    66 |   311 |   466 |  1010 |  1089 |   941 |   287 ||  4255
         Falchion          |       |    15 |       |       |       |       |       |       ||    15
         Punch             |       |     4 |    15 |    55 |    22 |    24 |       |       ||   120
         Scimitar          |       |       |       |       |    15 |       |       |       ||    15
         Constrict         |       |       |       |       |   135 |   100 |       |       ||   235
 Invoke: Heroism           |       |       |       |       |     1 |       |       |       ||     1
    Use: Scroll            |       |       |     5 |    15 |    12 |     7 |     7 |     8 ||    54
         Potion            |       |       |       |       |    10 |     9 |     1 |     2 ||    22
   Stab: Sleeping          |       |       |     1 |       |     3 |     3 |       |       ||     7
         Distracted        |       |       |     1 |       |     3 |       |     1 |       ||     5
         Petrified         |       |       |       |       |       |     5 |       |       ||     5
 Armour: Animal skin       |    55 |    50 |       |       |       |       |       |       ||   105
         Robe              |       |    11 |   230 |   280 |       |       |       |       ||   521
         Troll leather arm |       |       |       |    86 |   268 |   101 |       |       ||   455
         Skin              |       |       |       |       |   649 |   756 |   969 |   516 ||  2890
  Dodge: Dodged            |    32 |    30 |   115 |   176 |   546 |   944 |   744 |   258 ||  2845
   Form: Anaconda          |       |       |       |       |     4 |     1 |       |       ||     5
                           |       |       |       |       |     3 |     1 |       |       ||     4
         Statue            |       |       |       |       |       |     1 |       |     1 ||     2
         Death             |       |       |       |       |       |       |       |     1 ||     1

Table legend: (Time is in decaauts)
 A = Elapsed time spent in this place.
 B = Non-inter-level travel time spent in this place.
 C = Inter-level travel time spent in this place.
 D = Time resting spent in this place.
 E = Time spent auto-exploring this place.
 F = Levels seen in this place.
 G = Mean time per level.
                   A        B        C        D        E       F      G
               +--------+--------+--------+--------+--------+-----+--------+
         Total |  49238 |  44703 |   4535 |   5956 |  19434 |  55 |  895.2 |
       Dungeon |  15598 |  13517 |   2081 |   1415 |   6968 |  15 | 1039.9 |
        Temple |      1 |      1 |      0 |      0 |      0 |   1 |    1.0 |
          Lair |   7883 |   6983 |    900 |   1682 |   3004 |   5 | 1576.6 |
        Shoals |   4491 |   4306 |    185 |    858 |   1047 |   4 | 1122.8 |
     Snake Pit |   5509 |   5159 |    350 |    106 |   3679 |   4 | 1377.2 |
    Slime Pits |   3823 |   3572 |    251 |    583 |    877 |   5 |  764.6 |
  Orcish Mines |   1109 |    926 |    183 |     54 |    621 |   2 |  554.5 |
   Elven Halls |   4330 |   4040 |    290 |    485 |   1075 |   3 | 1443.3 |
        Depths |   4372 |   4081 |    291 |    380 |   2031 |   3 | 1457.3 |
         Abyss |    560 |    560 |      0 |     27 |     54 |   4 |  140.0 |
      Ziggurat |    586 |    586 |      0 |    117 |      0 |   7 |   83.7 |
         Sewer |    115 |    115 |      0 |      0 |     57 |   1 |  115.0 |
      Ice Cave |    855 |    855 |      0 |    244 |     20 |   1 |  855.0 |
               +--------+--------+--------+--------+--------+-----+--------+

Top non-repeatable levels by time:
  Lair:3: 2233 daAuts
 Snake:4: 2081 daAuts
   Elf:3: 1954 daAuts
  Lair:5: 1817 daAuts
Depths:3: 1736 daAuts
Depths:2: 1665 daAuts
    D:13: 1633 daAuts
 Snake:3: 1614 daAuts
  Lair:2: 1457 daAuts
    D:11: 1447 daAuts
    D:12: 1426 daAuts
     D:4: 1346 daAuts
Shoals:4: 1306 daAuts
 Slime:4: 1286 daAuts
    D:14: 1284 daAuts
